 Dungeon Sprint DCSS version 0.20.1-1-g8b1a95d (webtiles) character file.

152 suicidejoker the Covert (level 5, -4/31 HPs)
             Began as an Octopode Enchanter on Sept 5, 2017.
             Was an Initiate of Cheibriados.
             Slain by a troll (14 damage)
             ... in the Dungeon (Sprint IX: "|||||||||||||||||||||||||||||").
             The game lasted 00:01:42 (479 turns).

suicidejoker the Covert (Octopode Enchanter)         Turns: 479, Time: 00:01:43

Health: -4/31      AC:  1    Str: 10    XL:     5   Next: 34%
Magic:  10/11      EV: 15    Int: 18    God:    Cheibriados [......]
Gold:   0          SH:  0    Dex: 13    Spells: 11/12 levels left

rFire    . . .     SeeInvis .   a - +1 dagger
rCold    . . .     Gourm    .   (no shield)
rNeg     . . .     Faith    .   (helmet restricted)
rPois    .         Spirit   .   (no amulet)
rElec    .         Reflect  .   (no ring)
rCorr    .         Harm     .   (no ring)
MR       .....     NoTele   +   (no ring)
Stlth    +++++.....             (no ring)
Regen    0.1/turn               (no ring)
MPRegen  0.2/turn               (no ring)
                                (no ring)
                                (no ring)

@: very slow
A: almost no armour, stealthy swim, amphibious, 8 rings, constrict 8, camouflage
1, gelatinous body 1
a: Bend Time, Renounce Religion


You were in the Dungeon.
You worshipped Cheibriados.
Cheibriados was noncommittal.
You were not hungry.

You visited 1 branch

Inventory:

Hand Weapons
 a - a +1 dagger (weapon)
Jewellery
 l - a +3 ring of dexterity
 m - a +3 ring of dexterity
Wands
 k - a wand of iceblast (6/15)
Scrolls
 h - 3 scrolls of remove curse
 i - 2 scrolls of blinking
 j - 2 scrolls of amnesia
Potions
 d - 5 potions of curing
 e - 3 potions of heal wounds
 f - a potion of invisibility
 g - 4 potions of magic
Books
 b - a book of Maledictions

   Spells                             Type                      Level
   a - Corona                         Hexes                        1
   b - Ensorcelled Hibernation        Hexes/Ice                    2
   c - Confuse                        Hexes                        3
   d - Tukima's Dance                 Hexes                        3
   e - Dazzling Spray                 Conjuration/Hexes            3
Comestibles
 c - a bread ration


   Skills:
 + Level 4.1 Short Blades
 + Level 4.6 Dodging
 * Level 9.3 Stealth
 + Level 4.1 Spellcasting
 + Level 5.3 Hexes


You had 11 spell levels left.
You knew the following spells:

 Your Spells              Type           Power        Failure   Level  Hunger
a - Corona                Hex            ###....      1%          1    None


Dungeon Overview and Level Annotations

Branches:
Dungeon (1/1)

Altars:
Cheibriados
Dithmenos
Elyvilon
Fedhas
Gozag
Hepliaklqana
Kikubaaqudgha
Makhleb
Nemelex Xobeh
Okawaru
Qazlal
Ru
Sif Muna
Trog
Uskayaw
Vehumet
Xom
Yredelemnul
Zin
The Shining One
Beogh
Jiyva
Lugonu


Innate Abilities, Weirdness & Mutations

You cannot wear most types of armour.
You are very stealthy in the water. (Stealth+)
You are amphibious.
You can wear up to eight rings at the same time.
You can use your tentacles to constrict eight enemies at once.
Your skin changes colour to match your surroundings (Stealth+).
Your rubbery body absorbs attacks. (AC +1, EV +1)


Message History

Evoke which item? (* to show all) (? for menu, Esc to quit)
Aiming: Iceblast
Press: ? - help, Shift-Dir - straight line, f - troll
Aim: a troll The mass of ice explodes!
The iceblast engulfs the troll.
The troll is lightly wounded.
The iceblast engulfs the necrophage.
The necrophage partially resists.
The necrophage is heavily damaged.
This wand has 6 charges left.
You hit the troll but do no damage.
The troll is lightly wounded.
The troll barely misses you. The troll completely misses you.
The troll claws you.
You hit the troll but do no damage. Your squeeze misses the troll.
The troll is lightly wounded.
The troll bites you but does no damage. The troll barely misses you. x2
You hit the troll but do no damage.
The troll is lightly wounded.
The troll completely misses you. The troll claws you!
You die... ▓▓▓▓▓▓▓▓▓▓▓▓▓▓▓▓▓▓▓▓▓▓▓▓ __.____'..|)[[[.@TnZls.. ▓▓▓▓▓▓▓▓▓▓▓▓▓▓▓▓▓▓▓▓▓▓▓▓

You could see a troll, a necrophage, a scorpion, an iguana and a bat skeleton.

Vanquished Creatures
  A phantom (D)
  A hound (D)
  A worker ant (D)
  3 orcs (D)
  A bat (D)
  2 goblins (D)
  A kobold (D)
  A rat (D)
11 creatures vanquished.

Notes
Turn   | Place    | Note
-------+----------+-------------------------------------------
     0 | D        | suicidejoker the Octopode Enchanter began the quest for the Orb.
     0 | D        | Reached XP level 1. HP: 11/11 MP: 3/3
   134 | D        | Noticed a worker ant
   134 | D        | Noticed a phantom
   142 | D        | Killed a phantom
   142 | D        | Reached skill level 8 in Stealth
   142 | D        | Reached XP level 2. HP: 9/17 MP: 3/6
   142 | D        | Reached XP level 3. HP: 12/21 MP: 4/8
   142 | D        | Reached XP level 4. HP: 15/27 MP: 4/9
   148 | D        | Reached skill level 5 in Hexes
   148 | D        | Reached XP level 5. HP: 15/31 MP: 4/10
   423 | D        | Found a roughly hewn altar of Beogh.
   423 | D        | Found a snail-covered altar of Cheibriados.
   423 | D        | Found a shadowy altar of Dithmenos.
   423 | D        | Found a white marble altar of Elyvilon.
   423 | D        | Found a blossoming altar of Fedhas.
   423 | D        | Found an opulent altar of Gozag.
   424 | D        | Found a hazy altar of Hepliaklqana.
   425 | D        | Found a viscous altar of Jiyva.
   426 | D        | Found an ancient bone altar of Kikubaaqudgha.
   427 | D        | Became a worshipper of Cheibriados the Contemplative
   428 | D        | Found a corrupted altar of Lugonu.
   429 | D        | Found a burning altar of Makhleb.
   430 | D        | Found a sparkling altar of Nemelex Xobeh.
   431 | D        | Found an iron altar of Okawaru.
   432 | D        | Found a stormy altar of Qazlal.
   433 | D        | Found a sacrificial altar of Ru.
   434 | D        | Found a deep blue altar of Sif Muna.
   435 | D        | Found a bloodstained altar of Trog.
   436 | D        | Found a hide-covered altar of Uskayaw.
   437 | D        | Found a radiant altar of Vehumet.
   439 | D        | Found a shimmering altar of Xom.
   440 | D        | Found a basalt altar of Yredelemnul.
   441 | D        | Found a glowing silver altar of Zin.
   442 | D        | Found a glowing golden altar of the Shining One.
   466 | D        | Noticed a troll
   466 | D        | Noticed a necrophage
   475 | D        | Reached skill level 9 in Stealth
   479 | D        | Slain by a troll

Skill      XL: |  1  2  3  4  5 |
---------------+----------------+-----
Short Blades   | 3 4 |  4.1
Dodging        | 4 |  4.6
Stealth        | 8 9 |  9.3
Spellcasting   | 3 4 |  4.1
Hexes          | 4 5 |  5.3

Action                   |  1- 3 |  4- 6 || total
-------------------------+-------+-------++-------
Melee: Dagger            |    12 |    16 ||    28
       Constrict         |     3 |     2 ||     5
       Tentacles         |     1 |     3 ||     4
Evoke: Wand              |       |     1 ||     1
  Use: Potion            |     2 |       ||     2
 Stab: Sleeping          |     3 |       ||     3
Armor: Skin              |     2 |     2 ||     4
Dodge: Dodged            |     6 |     9 ||    15
